 Dungeon Crawl Stone Soup version 0.31-a0-978-g1e14348 (webtiles) character file.

Game seed: 9776097647339936010

644 Unit8069 the Ruffian (level 7, 0/57 HPs)
             Began as a Vampire Fighter on Oct 30, 2023.
             Succumbed to a water moccasin's poison
             ... on level 4 of the Dungeon.
             The game lasted 00:06:20 (3967 turns).

Unit8069 the Ruffian (Vampire Fighter)              Turns: 3967, Time: 00:06:21

Health: 0/57       AC:  6    Str: 17    XL:     7   Next: 26%
Magic:  7/7        EV:  9    Int: 10    God:
Gold:   280        SH:  4    Dex: 14    Spells: 6/6 levels left

rFire   + .          .
                       - Unarmed
rCold   + + .        b - +0 buckler
rNeg    . . .        a - +0 scale mail
rPois   +            (no helmet)
rElec   +            (no cloak)
rCorr   +            (no gloves)
SInv    +            (no boots)
Will    .....        (no amulet) Stlth
                     p - ring of protection from cold
HPRegen 0.49/turn    (no ring)
MPRegen 0.10/turn

%: no passive effects
@: brilliant, lethally poisoned (0 -> -13), resistant, healing quickly
A: alive, fangs 3, see invisible, vampiric 2
a: Exsanguinate


You were on level 4 of the Dungeon.
You visited 1 branch of the dungeon, and saw 5 of its levels.

You collected 280 gold pieces.

Inventory:

Armour
 a - a +0 scale mail (worn)
 b - a +0 buckler (worn)
Jewellery
 p - a ring of protection from cold (left hand)
 q - an amulet of magic regeneration
Talismans
 k - a serpent talisman
Wands
 m - a wand of digging (3)
Scrolls
 h - a scroll of enchant armour
 i - 2 scrolls of vulnerability
Potions
 c - a potion of might
 d - a potion of lignification {unknown}
 e - a potion of resistance
 f - a potion of cancellation {unknown}
 g - a potion of curing {unknown}
 l - a potion of degeneration {unknown}
 n - a potion of heal wounds {unknown}
 o - a potion of attraction {unknown}
 r - a potion of mutation


   Skills:
 + Level 5.7 Fighting
 - Level 2.4 Armour
 - Level 2.6 Shields
 + Level 6.5 Unarmed Combat


You had 6 spell levels left.
You didn't know any spells.
Your spell library contained the following spells:

 Spells                   Type           Power      Damage    Failure   Level
 Ensorcelled Hibernation  Hex/Ice        0%         N/A       94%         2
 Jinxbite                 Hex            0%         N/A       94%         2
 Ozocubu's Armour         Ice            0%         N/A       99%         3
 Anguish                  Hex/Necr       0%         N/A       100%        4
 Ozocubu's Refrigeration  Ice            0%         4d7       100%        7


Dungeon Overview and Level Annotations

Branches:
Dungeon (5/15)             Temple (0/1) D:5

Altars:
Hepliaklqana
Ru

Shops:
D:2 (

Annotations:
D:5 Eustachio


Innate Abilities, Weirdness & Mutations

Your natural rate of healing is accelerated.
You have razor-sharp teeth.
You have supernaturally acute eyesight. (SInv)
You are afflicted with vampirism and can become a bat while bloodless.


Message History

The water moccasin bites you.
You are poisoned.
The water moccasin poisons you!
You closely miss the water moccasin. Your bite misses the water moccasin.
The water moccasin is severely wounded.
You feel sick. The water moccasin barely misses you.
The water moccasin bites you.
You are more poisoned.
The water moccasin poisons you!
You miss the water moccasin.
The water moccasin is severely wounded.
You feel very sick.
The water moccasin bites you but does no damage.
Unknown command.
You feel very sick. The water moccasin closely misses you.
A mysterious force pulls you upwards. The hatch slams shut behind you.
You feel sick.
You hit the water moccasin but do no damage.
The water moccasin is heavily wounded.
You feel very sick. The water moccasin bites you!
* * * LOW HITPOINT WARNING * * *
The water moccasin bites you.
* * * LOW HITPOINT WARNING * * *
You are lethally poisoned!
The water moccasin poisons you!
You hit the water moccasin. Your bite misses the water moccasin.
The water moccasin is severely wounded.
* * * LOW HITPOINT WARNING * * *
You feel very sick.
The water moccasin completely misses you.
It was a potion of resistance.
You feel protected.
* * * LOW HITPOINT WARNING * * *
You feel very sick.
The water moccasin bites you but does no damage.
It was a potion of brilliance.
You feel clever all of a sudden.
You die...

.#........#######..# #.........#
.#................## #.........#
.########......#### #######'###
.#......#.....## #...'...#
.#......#.....# #...#...#
###..##.#...).############.##..#
..##'#######.............#.##..#
..#..'.....#.............#.....#
..'..#.....#....@........#.....#
..#+###..###....S........####..#
......#..#.....#####'#......#'##
......#..'.....#.....#......#..#
##....#..#.....#.....#......#..#
#....'..#.....#.....#...<..#..#
#....#..#>....#.....#......#..#
##....####.....###..##......#..#
.............########....#######


You could see a water moccasin.

Vanquished Creatures
  Duvessa (D:4)
  An ice beast (D:5)
  A phantom (D:5)
  A bullfrog (D:5)
  Dowan (D:4)
  A jelly (D:5)
  A gnoll bouda (D:4)
  An iguana (D:5)
  A sleepcap (D:5)
  5 adders
  4 gnolls (D:4)
  A worm (D:3)
  3 dart slugs
  An orc (D:5)
  4 ball pythons
  5 bats
  6 endoplasms
  6 goblins
  5 hobgoblins
  7 quokkas
  4 frilled lizards
  7 kobolds
  7 rats
74 creatures vanquished.

Notes
Turn   | Place    | Note
-------+----------+-------------------------------------------
     0 | D:1      | Unit8069 the Vampire Fighter began the quest for the Orb.
     0 | D:1      | Reached XP level 1. HP: 17/17 MP: 1/1
   369 | D:1      | Reached XP level 2. HP: 24/24 MP: 2/2
   783 | D:2      | Found Piesifakh's Weapon Boutique.
   996 | D:2      | Reached skill level 3 in Unarmed Combat
  1255 | D:2      | Gained mutation: You are afflicted with vampirism and can
                  | become a bat while bloodless. [Vampire growth]
  1255 | D:2      | Reached XP level 3. HP: 27/29 MP: 3/3
  1665 | D:3      | Reached XP level 4. HP: 35/37 MP: 4/4
  1968 | D:3      | Reached skill level 4 in Unarmed Combat
  2825 | D:4      | Noticed Dowan
  2828 | D:4      | Noticed Duvessa
  2838 | D:4      | Found a hazy altar of Hepliaklqana.
  2845 | D:4      | Killed Dowan
  2846 | D:4      | Reached XP level 5. HP: 42/42 MP: 5/5
  3046 | D:4      | Killed Duvessa
  3047 | D:4      | Reached skill level 5 in Unarmed Combat
  3047 | D:4      | Reached XP level 6. HP: 22/49 MP: 6/6
  3457 | D:5      | Entered Level 5 of the Dungeon
  3465 | D:5      | Reached skill level 5 in Fighting
  3552 | D:5      | Noticed an ice beast
  3695 | D:5      | Noticed Eustachio
  3791 | D:5      | Found a sacrificial altar of Ru.
  3791 | D:5      | Noticed an ice beast
  3807 | D:5      | Killed an ice beast
  3808 | D:5      | Reached skill level 6 in Unarmed Combat
  3808 | D:5      | Reached XP level 7. HP: 30/56 MP: 7/7
  3967 | D:4      | Succumbed to a water moccasin's poison

Illustrated notes

Levels and vault maps discovered:
D:1:      co_arrival_random_square_maze, layout_basic
D:2:      layout_basic, serial_shops, nicolae_shop_hallway_stairs,
          wander_ebering_terrifying_dragon_lair
D:3:      minmay_angry_zag, layout_basic
D:4:      layout_gridville, amcnicky_altar_gilded, uniq_duvessa
D:5:      layout_cave_pools, nicolae_dithmenos_the_darkroom,
          amethyst_overflow_temple_binary, temple_statues,
          uniq_crazy_yiuf_cottage, uniq_eustachio

Skill      XL: |  1  2  3  4  5  6 |
---------------+-------------------+-----
Fighting       | 3 4 5 |  5.7
Unarmed Combat | 3 4 5 6 |  6.5
Armour         | |  2.4
Shields        | |  2.6

Action                     |  1- 3 |  4- 6 |  7- 9 || total
---------------------------+-------+-------+-------++-------
  Melee: Unarmed           |   148 |   152 |    33 ||   333
         Bite              |    13 |    12 |     2 ||    27
    Use: Scroll            |       |    11 |       ||    11
         Potion            |       |     1 |     2 ||     3
 Armour: Scale mail        |   100 |   102 |    20 ||   222
  Dodge: Dodged            |    58 |    48 |    17 ||   123
  Block: Buckler           |    21 |    27 |     5 ||    53

Table legend: (Time is in decaauts)
 A = Elapsed time spent in this place.
 B = Non-inter-level travel time spent in this place.
 C = Inter-level travel time spent in this place.
 D = Time resting spent in this place.
 E = Time spent auto-exploring this place.
 F = Levels seen in this place.
 G = Mean time per level.
                   A        B        C        D        E       F      G
               +--------+--------+--------+--------+--------+-----+--------+
         Total |   3956 |   3630 |    326 |    393 |   2532 |   5 |  791.2 |
       Dungeon |   3956 |   3630 |    326 |    393 |   2532 |   5 |  791.2 |
               +--------+--------+--------+--------+--------+-----+--------+

Top non-repeatable levels by time:
     D:4: 1246 daAuts
     D:1: 782 daAuts
     D:3: 782 daAuts
     D:2: 730 daAuts
     D:5: 413 daAuts
